Workbook
Name Adm: #REF!
Name Adm: [1]PRESUPUESTO!$F$99
Name Adm: [1]PRESUPUESTO!$F$99
Name Imprev: #REF!
Name Imprev: [1]PRESUPUESTO!$F$100
Name Imprev: [1]PRESUPUESTO!$F$100
Name IvaSUtl: #REF!
Name IvaSUtl: [1]PRESUPUESTO!$F$103
Name IvaSUtl: [1]PRESUPUESTO!$F$103
Name SbtPpto: #REF!
Name SbtPpto: [1]PRESUPUESTO!$G$70
Name SbtPpto: [1]PRESUPUESTO!$G$70
Name TtlCD: #REF!
Name TtlCD: [1]PRESUPUESTO!$G$98
Name TtlCD: [1]PRESUPUESTO!$G$98
Name Utilidad: #REF!
Name Utilidad: [1]PRESUPUESTO!$F$101
Name Utilidad: [1]PRESUPUESTO!$F$101

Sheet Mercado
A1: AERONAUTICA CIVIL- REGIONAL VALLE
A3: Estudio de Mercado
A4: RVLC0202 REALIZAR MANTENIMIENTO DE LA INFRAESTRUCTURA AEROPORTUARIA DE LA AEROCIVIL UBICADA EN EL AEROPUERTO ALFONSO BONILLA ARAGON PALMIRA
A7: ITEM | B7: Cod | C7: DESCRIPCION | D7: UND | E7: CANT | F7: VR UNITA | G7: IPC | H7: IPC | I7: FID | J7: VR Unitaro F | K7: VR TOTAL
A8: 1 | C8: Oficinas Administrativas Aerocivil Regional Valle. | G8: 0.0438 | H8: Valor Unitario IPC | I8: 0.05
A9: =+A8+0.01 -> 1.01 | B9: APU-001 | C9: RE DISEÑO DE INTERIOR OFICINA O DISTRIBUCION PUESTOS DE TRABAJO. | D9: M2 | E9: =+Memorias!K19 -> 495.31 | F9: =+Apus!F19 -> 9092.03 | G9: =+F9*$G$8 -> 398.23091 | H9: =+F9+G9 -> 9490.2609 | I9: =+H9*$I$8 -> 474.51305 | J9: =ROUND(H9+I9,0) -> 9965 | K9: =ROUND(J9*E9,2) -> 4935764.2
A10: =+A9+0.01 -> 1.02 | B10: 240515 | C10: DESMONTE REUBICACION PUESTO TRABAJO | D10: UND | E10: =+Memorias!I33 -> 27 | F10: 362524 | G10: =+F10*$G$8 -> 15878.551 | H10: =+F10+G10 -> 378402.55 | I10: =+H10*$I$8 -> 18920.128 | J10: =ROUND(H10+I10,0) -> 397323 | K10: =ROUND(J10*E10,2) -> 10727721
A11: =+A10+0.01 -> 1.03 | B11: 061211 | C11: DESMONTE DE LUMINARIAS | D11: UND | E11: =+Memorias!I45 -> 48 | F11: 28360 | G11: =+F11*$G$8 -> 1242.168 | H11: =+F11+G11 -> 29602.168 | I11: =+H11*$I$8 -> 1480.1084 | J11: =ROUND(H11+I11,0) -> 31082 | K11: =ROUND(J11*E11,2) -> 1491936
A12: =+A11+0.01 -> 1.04 | B12: 100404 | C12: DEMOL.CIELO FALSO ESTRUCIELO | D12: M2 | E12: =+Memorias!K57 -> 438.36 | F12: 5669 | G12: =+F12*$G$8 -> 248.3022 | H12: =+F12+G12 -> 5917.3022 | I12: =+H12*$I$8 -> 295.86511 | J12: =ROUND(H12+I12,0) -> 6213 | K12: =ROUND(J12*E12,2) -> 2723530.7
A13: =+A12+0.01 -> 1.05 | B13: 180441 | C13: C.FALSO LAMINA PVC A=25CM E=10MM | D13: M2 | E13: =+Memorias!K69 -> 438.36 | F13: 64528 | G13: =+F13*$G$8 -> 2826.3264 | H13: =+F13+G13 -> 67354.326 | I13: =+H13*$I$8 -> 3367.7163 | J13: =ROUND(H13+I13,0) -> 70722 | K13: =ROUND(J13*E13,2) -> 31001696
A14: =+A13+0.01 -> 1.06 | B14: 290115 | C14: RASQUETEADA-LIJADA-RESANE | D14: M2 | E14: =+Memorias!K90 -> 709.8 | F14: 1852 | G14: =+F14*$G$8 -> 81.1176 | H14: =+F14+G14 -> 1933.1176 | I14: =+H14*$I$8 -> 96.65588 | J14: =ROUND(H14+I14,0) -> 2030 | K14: =ROUND(J14*E14,2) -> 1440894
A15: =+A14+0.01 -> 1.07 | B15: 290304 | C15: VINILO MURO TIPO 1 [3M] | D15: M2 | E15: =+Memorias!K111 -> 689 | F15: 9595 | G15: =+F15*$G$8 -> 420.261 | H15: =+F15+G15 -> 10015.261 | I15: =+H15*$I$8 -> 500.76305 | J15: =ROUND(H15+I15,0) -> 10516 | K15: =ROUND(J15*E15,2) -> 7245524
A16: =+A15+0.01 -> 1.08 | B16: 051017 | C16: TOMA BLANCO NORMAL | D16: UND | E16: =+Memorias!I124 -> 25 | F16: 22484 | G16: =+F16*$G$8 -> 984.7992 | H16: =+F16+G16 -> 23468.799 | I16: =+H16*$I$8 -> 1173.44 | J16: =ROUND(H16+I16,0) -> 24642 | K16: =ROUND(J16*E16,2) -> 616050
A17: =+A16+0.01 -> 1.09 | B17: 172417 | C17: RETIRO SWITCHE O TOMA | D17: UND | E17: =+Memorias!I137 -> 25 | F17: 2746 | G17: =+F17*$G$8 -> 120.2748 | H17: =+F17+G17 -> 2866.2748 | I17: =+H17*$I$8 -> 143.31374 | J17: =ROUND(H17+I17,0) -> 3010 | K17: =ROUND(J17*E17,2) -> 75250
A18: =+A17+0.01 -> 1.1 | B18: 240211 | C18: DIV.ALUM.BOARD-VIDRIO 1C H=2.50M | D18: ML | E18: =+Memorias!J150 -> 15.3 | F18: 447724 | G18: =+F18*$G$8 -> 19610.311 | H18: =+F18+G18 -> 467334.31 | I18: =+H18*$I$8 -> 23366.716 | J18: =ROUND(H18+I18,0) -> 490701 | K18: =ROUND(J18*E18,2) -> 7507725.3
A19: =+A18+0.01 -> 1.11 | B19: 100622 | C19: RETIRO DE SALDOS EN SITIO | D19: M3 | E19: =+Memorias!L163 -> 14 | F19: 6944 | G19: =+F19*$G$8 -> 304.1472 | H19: =+F19+G19 -> 7248.1472 | I19: =+H19*$I$8 -> 362.40736 | J19: =ROUND(H19+I19,0) -> 7611 | K19: =ROUND(J19*E19,2) -> 106554
A20: =+A19+0.01 -> 1.12 | B20: 100608 | C20: RETIRO SOBRANTES MAQUINA <=10KM. | D20: M3 | E20: =+Memorias!L176 -> 32.74 | F20: 16723 | G20: =+F20*$G$8 -> 732.4674 | H20: =+F20+G20 -> 17455.467 | I20: =+H20*$I$8 -> 872.77337 | J20: =ROUND(H20+I20,0) -> 18328 | K20: =ROUND(J20*E20,2) -> 600058.72
A21: =+A20+0.01 -> 1.13 | B21: 100305 | C21: DEMOL.ENCHAPE CERAMICO | D21: M2 | E21: =+Memorias!K189 -> 99.46 | F21: 7957 | G21: =+F21*$G$8 -> 348.5166 | H21: =+F21+G21 -> 8305.5166 | I21: =+H21*$I$8 -> 415.27583 | J21: =ROUND(H21+I21,0) -> 8721 | K21: =ROUND(J21*E21,2) -> 867390.66
A22: =+A21+0.01 -> 1.14 | B22: APU-002 | C22: PORCELANATO 60X90 BRILLANTE | D22: M2 | E22: =+Memorias!K202 -> 89.6 | F22: =+Apus!F171 -> 151883.02 | G22: =+F22*$G$8 -> 6652.4763 | H22: =+F22+G22 -> 158535.5 | I22: =+H22*$I$8 -> 7926.7748 | J22: =ROUND(H22+I22,0) -> 166462 | K22: =ROUND(J22*E22,2) -> 14914995
A23: =+A22+0.01 -> 1.15 | B23: 200107 | C23: ALISTADO PISO IMPERMEABLE 4 CM | D23: M2 | E23: =+Memorias!K215 -> 89.6 | F23: 28860 | G23: =+F23*$G$8 -> 1264.068 | H23: =+F23+G23 -> 30124.068 | I23: =+H23*$I$8 -> 1506.2034 | J23: =ROUND(H23+I23,0) -> 31630 | K23: =ROUND(J23*E23,2) -> 2834048
A24: =+A23+0.01 -> 1.16 | B24: APU-003 | C24: DESMONTE MUEBLE INFERIOR EN MADERA | D24: ML | E24: =+Memorias!J228 -> 14 | F24: =+Apus!F200 -> 35000.04 | G24: =+F24*$G$8 -> 1533.0018 | H24: =+F24+G24 -> 36533.042 | I24: =+H24*$I$8 -> 1826.6521 | J24: =ROUND(H24+I24,0) -> 38360 | K24: =ROUND(J24*E24,2) -> 537040
A25: =+A24+0.01 -> 1.17 | B25: APU-004 | C25: MANTENIMIENTO VENTANA EN ALUMINIO | D25: M2 | E25: =+Memorias!K241 -> 78.72 | F25: =+Apus!F219 -> 22503.02 | G25: =+F25*$G$8 -> 985.63228 | H25: =+F25+G25 -> 23488.652 | I25: =+H25*$I$8 -> 1174.4326 | J25: =ROUND(H25+I25,0) -> 24663 | K25: =ROUND(J25*E25,2) -> 1941471.4
A26: =+A25+0.01 -> 1.18 | B26: APU-005 | C26: LIMPIEZA Y PINTURA DE REJILLAS DE A.A. | D26: UND | E26: =+Memorias!I254 -> 44 | F26: =+Apus!F238 -> 16470 | G26: =+F26*$G$8 -> 721.386 | H26: =+F26+G26 -> 17191.386 | I26: =+H26*$I$8 -> 859.5693 | J26: =ROUND(H26+I26,0) -> 18051 | K26: =ROUND(J26*E26,2) -> 794244
A27: =+A26+0.01 -> 1.19 | B27: APU-006 | C27: CORTINA TWILINE RODEO DRIVE DIVIDIDA MANUAL (2.0X1,60) | D27: UND | E27: =+Memorias!I267 -> 34.65 | F27: =+Apus!F257 -> 438342.35 | G27: =+F27*$G$8 -> 19199.395 | H27: =+F27+G27 -> 457541.75 | I27: =+H27*$I$8 -> 22877.087 | J27: =H27+I27 -> 480418.84 | K27: =ROUND(J27*E27,2) -> 16646513
A28: =+A27+0.01 -> 1.2 | B28: 170656 | C28: BALA PANEL LED 18W | D28: UND | E28: =+Memorias!I279 -> 53 | F28: 32797 | G28: =+F28*$G$8 -> 1436.5086 | H28: =+F28+G28 -> 34233.509 | I28: =+H28*$I$8 -> 1711.6754 | J28: =ROUND(H28+I28,0) -> 35945 | K28: =ROUND(J28*E28,2) -> 1905085
A29: =+A28+0.01 -> 1.21 | B29: APU-007 | C29: =+Apus!A269 -> GUARDAESCOBA CERAMICA | D29: ML | E29: =+Memorias!J300 -> 129.9 | F29: =+Apus!F287 -> 17679.54 | G29: =+F29*$G$8 -> 774.36385 | H29: =+F29+G29 -> 18453.904 | I29: =+H29*$I$8 -> 922.69519 | J29: =ROUND(H29+I29,0) -> 19377 | K29: =ROUND(J29*E29,2) -> 2517072.3
A30: =+A29+0.01 -> 1.22 | B30: 260402 | C30: PELICULA CONTROL SOLAR-POLARIZADO | D30: M2 | E30: =+Memorias!K313 -> 63.96 | F30: 98304 | G30: =+F30*$G$8 -> 4305.7152 | H30: =+F30+G30 -> 102609.72 | I30: =+H30*$I$8 -> 5130.4858 | J30: =ROUND(H30+I30,0) -> 107740 | K30: =ROUND(J30*E30,2) -> 6891050.4
A31: =+A30+0.01 -> 1.23 | B31: APU-008 | C31: SISTEMA DE CONEXIÓN PARA VIDEO BEAM - PANTALLA DE PROYECCIONES | D31: UND | E31: =+Memorias!I326 -> 1 | F31: =+Apus!F315 -> 575366.66 | G31: =+F31*$G$8 -> 25201.06 | H31: =+F31+G31 -> 600567.72 | I31: =+H31*$I$8 -> 30028.386 | J31: =ROUND(H31+I31,0) -> 630596 | K31: =ROUND(J31*E31,2) -> 630596
A32: =+A31+0.01 -> 1.24 | B32: 260126 | C32: VIDRIO TEMPLADO INCOLORO 10 MM | D32: M2 | E32: =+Memorias!K339 -> 19.2 | F32: 182580 | G32: =+F32*$G$8 -> 7997.004 | H32: =+F32+G32 -> 190577 | I32: =+H32*$I$8 -> 9528.8502 | J32: =ROUND(H32+I32,0) -> 200106 | K32: =ROUND(J32*E32,2) -> 3842035.2
A33: =+A32+0.01 -> 1.25 | B33: 240209 | C33: DIV.ANGEO FIBRA ALUMINIO PESADO | D33: M2 | E33: =+Memorias!K352 -> 1.44 | F33: 76080 | G33: =+F33*$G$8 -> 3332.304 | H33: =+F33+G33 -> 79412.304 | I33: =+H33*$I$8 -> 3970.6152 | J33: =ROUND(H33+I33,0) -> 83383 | K33: =ROUND(J33*E33,2) -> 120071.52
A34: =+A33+0.01 -> 1.26 | B34: APU-009 | C34: REPARACION Y MANTENIMIENTO DE BAÑO INCLUYE ACCESORIOS | D34: GLOB | E34: 1 | F34: =+Apus!F352 -> 2500000 | G34: =+F34*$G$8 -> 109500 | H34: =+F34+G34 -> 2609500 | I34: =+H34*$I$8 -> 130475 | J34: =ROUND(H34+I34,0) -> 2739975 | K34: =ROUND(J34*E34,2) -> 2739975
A35: =+A34+0.01 -> 1.27 | B35: APU-010 | C35: PUERTA PRINCIPAL EN VIDRIO, CON CUERPO FIJO DE 1.0 x 2 MTS | D35: UND | E35: =+Memorias!I378 -> 2 | F35: =+Apus!F371 -> 2526342.3 | G35: =+F35*$G$8 -> 110653.79 | H35: =+F35+G35 -> 2636996.1 | I35: =+H35*$I$8 -> 131849.8 | J35: =ROUND(H35+I35,0) -> 2768846 | K35: =ROUND(J35*E35,2) -> 5537692
A36: =+A35+0.01 -> 1.28 | B36: 310107 | C36: LIMPIEZA PERMANENTE OBRA (CUADRILLA 2P) | D36: MES | E36: =+Memorias!I391 -> 3 | F36: 3483400 | G36: =+F36*$G$8 -> 152572.92 | H36: =+F36+G36 -> 3635972.9 | I36: =+H36*$I$8 -> 181798.65 | J36: =ROUND(H36+I36,0) -> 3817772 | K36: =ROUND(J36*E36,2) -> 11453316
A37: =+A36+0.01 -> 1.29 | B37: 100802 | C37: DESMONTE DIVISION PANEL H=161 A 200CM | D37: ML | E37: =+Memorias!J404 -> 36.95 | F37: 14394 | G37: =+F37*$G$8 -> 630.4572 | H37: =+F37+G37 -> 15024.457 | I37: =+H37*$I$8 -> 751.22286 | J37: =ROUND(H37+I37,0) -> 15776 | K37: =ROUND(J37*E37,2) -> 582923.2
A38: =+A37+0.01 -> 1.3 | B38: APU-011 | C38: APERTURA VANO PARA VENTANA | D38: UND | E38: =+Memorias!I417 -> 4 | F38: =+Apus!F410 -> 24286.8 | G38: =+F38*$G$8 -> 1063.7618 | H38: =+F38+G38 -> 25350.562 | I38: =+H38*$I$8 -> 1267.5281 | J38: =ROUND(H38+I38,0) -> 26618 | K38: =ROUND(J38*E38,2) -> 106472
A39: =+A38+0.01 -> 1.31 | B39: 22-09-06 | C39: INSTALACION VENTANA EXISTENTE LAMINA | D39: M2 | E39: =+Memorias!K430 -> 8 | F39: 17847 | G39: =+F39*$G$8 -> 781.6986 | H39: =+F39+G39 -> 18628.699 | I39: =+H39*$I$8 -> 931.43493 | J39: =ROUND(H39+I39,0) -> 19560 | K39: =ROUND(J39*E39,2) -> 156480
A40: =+A39+0.01 -> 1.32 | B40: 310202 | C40: DESTRONQUE-PULIDA-BRILLADA PISO E | D40: M2 | E40: =+Memorias!K443 -> 474.94 | F40: 15025 | G40: =+F40*$G$8 -> 658.095 | H40: =+F40+G40 -> 15683.095 | I40: =+H40*$I$8 -> 784.15475 | J40: =ROUND(H40+I40,0) -> 16467 | K40: =ROUND(J40*E40,2) -> 7820837
A41: =+A40+0.01 -> 1.33 | B41: APU-012 | C41: MANTENIMIENTO Y LIMPIEZA DE PUERTAS | D41: UND | E41: =+Memorias!I456 -> 18 | F41: =+Apus!F455 -> 24286.8 | G41: =+F41*$G$8 -> 1063.7618 | H41: =+F41+G41 -> 25350.562 | I41: =+H41*$I$8 -> 1267.5281 | J41: =ROUND(H41+I41,0) -> 26618 | K41: =ROUND(J41*E41,2) -> 479124
G43: COSTO DIRECTO | K43: =ROUND(SUM(K9:K41),2) -> 1.5179114e+08
G44: ADMINISTRACION | J44: 0.21 | K44: =ROUND(K43*J44,2) -> 31876138
G45: IMPREVISTOS | J45: 0.06 | K45: =ROUND(K43*J45,2) -> 9107468.1
G46: UTILIDAD | J46: 0.04 | K46: =ROUND(K43*J46,2) -> 6071645.4
G47: Total AIU 31% | J47: =+J44+J45+J46 -> 0.31 | K47: =+K43*J47 -> 47055252
G48: IVA SOBRE UTILIDAD | J48: 0.19 | K48: =ROUND(K46*J48,2) -> 1153612.6
G49: COSTO TOTAL | K49: =ROUND(K43+K44+K45+K46+K48,0) -> 200000000

Sheet Memorias
D2: MEMORIA DE CANTIDADES DE OBRA
B7: =+Mercado!A4 -> RVLC0202 REALIZAR MANTENIMIENTO DE LA INFRAESTRUCTURA AEROPORTUARIA DE LA AEROCIVIL UBICADA EN EL AEROPUERTO ALFONSO BONILLA ARAGON PALMIRA
B8: =+Mercado!C8 -> Oficinas Administrativas Aerocivil Regional Valle.
B9: N° ITEM | C9: DESCRIPCIÓN | D9: UNIDAD | E9: DIMENSIONES | I9: TOTAL | M9: LOCALIZACIÓN
B10: =+Mercado!A9 -> 1.01 | C10: =+Mercado!C9 -> RE DISEÑO DE INTERIOR OFICINA O DISTRIBUCION PUESTOS DE TRABAJO. | D10: =+Mercado!D9 -> M2 | E10: Ancho (M) | F10: Altura (M) | G10: Longitud (M) | H10: Descuento: | I10: Cant (Und) | J10: Long Total (ML) | K10: Area (M²) | L10: Volumen (M³) | M10: LUGAR
E11: 8 | G11: 9.7 | K11: =+E11*G11 -> 77.6 | M11: Contratacion
E12: =15+6.2 -> 21.2 | G12: 8.5 | K12: =+E12*G12 -> 180.2 | M12: Administrativa y financiera
E13: 3.4 | G13: 8.4 | K13: =+E13*G13 -> 28.56 | M13: Inmuebles
E14: 3.4 | G14: 5.85 | K14: =+E14*G14 -> 19.89 | M14: Ambiental
E15: 3.4 | G15: 2.9 | K15: =+E15*G15 -> 9.86 | M15: Seguridad Aeroportuaria
E16: 6.4 | G16: 14 | K16: =+E16*G16 -> 89.6 | M16: Salon de Reuniones y Capacitaciones
E17: 6.4 | G17: 14 | K17: =+E17*G17 -> 89.6 | M17: Salon de Operaciones Aereas
H19: TOTAL | K19: =SUM(K11:K18) -> 495.31
B22: N° ITEM | C22: DESCRIPCIÓN | D22: UNIDAD | E22: DIMENSIONES | I22: TOTAL | M22: LOCALIZACIÓN
B23: =+Mercado!A10 -> 1.02 | C23: =+Mercado!C10 -> DESMONTE REUBICACION PUESTO TRABAJO | D23: =+Mercado!D10 -> UND | E23: Ancho (M) | F23: Altura (M) | G23: Longitud (M) | H23: Descuento: | I23: Cant (Und) | J23: Long Total (ML) | K23: Area (M²) | L23: Volumen (M³) | M23: LUGAR
I24: 5 | M24: Contratacion
I25: 2 | M25: Juridica
I26: 12 | M26: Administrativa y financiera
M27: Inmuebles
M28: Ambiental
M29: Seguridad Aeroportuaria
M30: Salon de Reuniones y Capacitaciones
I31: 8 | M31: Salon de Operaciones Aereas
H33: TOTAL | I33: =SUM(I24:I32) -> 27
B35: N° ITEM | C35: DESCRIPCIÓN | D35: UNIDAD | E35: DIMENSIONES | I35: TOTAL | M35: LOCALIZACIÓN
B36: =+Mercado!A11 -> 1.03 | C36: =+Mercado!C11 -> DESMONTE DE LUMINARIAS | D36: =+Mercado!D11 -> UND | E36: Ancho (M) | F36: Altura (M) | G36: Longitud (M) | H36: Descuento: | I36: Cant (Und) | J36: Long Total (ML) | K36: Area (M²) | L36: Volumen (M³) | M36: LUGAR
M37: Contratacion
I38: 4 | M38: Juridica
I39: 11 | M39: Administrativa y financiera
I40: 7 | M40: Inmuebles
M41: Ambiental
I42: 1 | M42: Seguridad Aeroportuaria
I43: 17 | M43: Salon de Reuniones y Capacitaciones
I44: 8 | M44: Salon de Operaciones Aereas
H45: TOTAL | I45: =SUM(I37:I44) -> 48
B47: N° ITEM | C47: DESCRIPCIÓN | D47: UNIDAD | E47: DIMENSIONES | I47: TOTAL | M47: LOCALIZACIÓN
B48: =+Mercado!A12 -> 1.04 | C48: =+Mercado!C12 -> DEMOL.CIELO FALSO ESTRUCIELO | D48: =+Mercado!D12 -> M2 | E48: Ancho (M) | F48: Altura (M) | G48: Longitud (M) | H48: Descuento: | I48: Cant (Und) | J48: Long Total (ML) | K48: Area (M²) | L48: Volumen (M³) | M48: LUGAR
M49: Contratacion
E50: 5.9 | G50: 3.5 | K50: =+E50*G50 -> 20.65 | M50: Juridica
E51: =15+6.2 -> 21.2 | G51: 8.5 | K51: =+E51*G51 -> 180.2 | M51: Administrativa y financiera
E52: 3.4 | G52: 8.4 | K52: =+E52*G52 -> 28.56 | M52: Inmuebles
E53: 3.4 | G53: 5.85 | K53: =+E53*G53 -> 19.89 | M53: Ambiental
E54: 3.4 | G54: 2.9 | K54: =+E54*G54 -> 9.86 | M54: Seguridad Aeroportuaria
E55: 6.4 | G55: 14 | K55: =+E55*G55 -> 89.6 | M55: Salon de Reuniones y Capacitaciones
E56: 6.4 | G56: 14 | K56: =+E56*G56 -> 89.6 | M56: Salon de Operaciones Aereas
H57: TOTAL | K57: =SUM(K49:K56) -> 438.36
B59: N° ITEM | C59: DESCRIPCIÓN | D59: UNIDAD | E59: DIMENSIONES | I59: TOTAL | M59: LOCALIZACIÓN
B60: =+Mercado!A13 -> 1.05 | C60: =+Mercado!C13 -> C.FALSO LAMINA PVC A=25CM E=10MM | D60: =+Mercado!D13 -> M2 | E60: Ancho (M) | F60: Altura (M) | G60: Longitud (M) | H60: Descuento: | I60: Cant (Und) | J60: Long Total (ML) | K60: Area (M²) | L60: Volumen (M³) | M60: LUGAR
M61: Contratacion
E62: 5.9 | G62: 3.5 | K62: =+E62*G62 -> 20.65 | M62: Juridica
E63: =15+6.2 -> 21.2 | G63: 8.5 | K63: =+E63*G63 -> 180.2 | M63: Administrativa y financiera
E64: 3.4 | G64: 8.4 | K64: =+E64*G64 -> 28.56 | M64: Inmuebles
E65: 3.4 | G65: 5.85 | K65: =+E65*G65 -> 19.89 | M65: Ambiental
E66: 3.4 | G66: 2.9 | K66: =+E66*G66 -> 9.86 | M66: Seguridad Aeroportuaria
E67: 6.4 | G67: 14 | K67: =+E67*G67 -> 89.6 | M67: Salon de Reuniones y Capacitaciones
E68: 6.4 | G68: 14 | K68: =+E68*G68 -> 89.6 | M68: Salon de Operaciones Aereas
H69: TOTAL | K69: =SUM(K61:K68) -> 438.36
B71: N° ITEM | C71: DESCRIPCIÓN | D71: UNIDAD | E71: DIMENSIONES | I71: TOTAL | M71: LOCALIZACIÓN
B72: =+Mercado!A14 -> 1.06 | C72: =+Mercado!C14 -> RASQUETEADA-LIJADA-RESANE | D72: =+Mercado!D14 -> M2 | E72: Ancho (M) | F72: Altura (M) | G72: Longitud (M) | H72: Descuento: | I72: Cant (Und) | J72: Long Total (ML) | K72: Area (M²) | L72: Volumen (M³) | M72: LUGAR
M73: Contratacion
E74: 5.9 | F74: 2.6 | I74: 2 | K74: =+(E74*F74)*I74 -> 30.68 | M74: Juridica
E75: 3.5 | F75: 2.6 | I75: 2 | K75: =+(E75*F75)*I75 -> 18.2
E76: 8.5 | F76: 2.6 | I76: 3 | K76: =+(E76*F76)*I76 -> 66.3 | M76: Administrativa y financiera
E77: =15+6.2 -> 21.2 | F77: 2.6 | I77: 3 | K77: =+(E77*F77)*I77 -> 165.36
E78: 3.4 | F78: 2.6 | I78: 2 | K78: =+(E78*F78)*I78 -> 17.68 | M78: Inmuebles
E79: 8.4 | F79: 2.6 | I79: 2 | K79: =+(E79*F79)*I79 -> 43.68
E80: 3.4 | F80: 2.6 | I80: 2 | K80: =+(E80*F80)*I80 -> 17.68 | M80: Ambiental
E81: 5.85 | F81: 2.6 | I81: 2 | K81: =+(E81*F81)*I81 -> 30.42
E82: 3.4 | F82: 2.6 | I82: 2 | K82: =+(E82*F82)*I82 -> 17.68 | M82: Seguridad Aeroportuaria
E83: 2.9 | F83: 2.6 | I83: 2 | K83: =+(E83*F83)*I83 -> 15.08
E84: 18 | F84: 2.6 | I84: 2 | K84: =+(E84*F84)*I84 -> 93.6 | M84: Salon de Reuniones y Capacitaciones
E85: 6.4 | F85: 2.6 | I85: 2 | K85: =+(E85*F85)*I85 -> 33.28
E86: 15 | F86: 2.6 | I86: 2 | K86: =+(E86*F86)*I86 -> 78 | M86: Salon de Operaciones Aereas
E87: 6.4 | F87: 2.6 | I87: 2 | K87: =+(E87*F87)*I87 -> 33.28
E88: 3.4 | F88: 2.6 | I88: 2 | K88: =+(E88*F88)*I88 -> 17.68 | M88: Sindicato
E89: 6 | F89: 2.6 | I89: 2 | K89: =+(E89*F89)*I89 -> 31.2
H90: TOTAL | K90: =SUM(K73:K89) -> 709.8
B92: N° ITEM | C92: DESCRIPCIÓN | D92: UNIDAD | E92: DIMENSIONES | I92: TOTAL | M92: LOCALIZACIÓN
B93: =+Mercado!A15 -> 1.07 | C93: =+Mercado!C15 -> VINILO MURO TIPO 1 [3M] | D93: =+Mercado!D14 -> M2 | E93: Ancho (M) | F93: Altura (M) | G93: Longitud (M) | H93: Descuento: | I93: Cant (Und) | J93: Long Total (ML) | K93: Area (M²) | L93: Volumen (M³) | M93: LUGAR
M94: Contratacion
E95: 5.9 | F95: 2.6 | I95: 2 | K95: =+(E95*F95)*I95 -> 30.68 | M95: Juridica
E96: 3.5 | F96: 2.6 | I96: 2 | K96: =+(E96*F96)*I96 -> 18.2
E97: 8.5 | F97: 2.6 | I97: 3 | K97: =+(E97*F97)*I97 -> 66.3 | M97: Administrativa y financiera
E98: =15+6.2 -> 21.2 | F98: 2.6 | I98: 3 | K98: =+(E98*F98)*I98 -> 165.36
E99: 3.4 | F99: 2.6 | I99: 2 | K99: =+(E99*F99)*I99 -> 17.68 | M99: Inmuebles
E100: 8.4 | F100: 2.6 | I100: 2 | K100: =+(E100*F100)*I100 -> 43.68
E101: 3.4 | F101: 2.6 | I101: 2 | K101: =+(E101*F101)*I101 -> 17.68 | M101: Ambiental
E102: 5.85 | F102: 2.6 | I102: 2 | K102: =+(E102*F102)*I102 -> 30.42
E103: 3.4 | F103: 2.6 | I103: 2 | K103: =+(E103*F103)*I103 -> 17.68 | M103: Seguridad Aeroportuaria
E104: 2.9 | F104: 2.6 | I104: 2 | K104: =+(E104*F104)*I104 -> 15.08
E105: 14 | F105: 2.6 | I105: 2 | K105: =+(E105*F105)*I105 -> 72.8 | M105: Salon de Reuniones y Capacitaciones
E106: 6.4 | F106: 2.6 | I106: 2 | K106: =+(E106*F106)*I106 -> 33.28
E107: 15 | F107: 2.6 | I107: 2 | K107: =+(E107*F107)*I107 -> 78 | M107: Salon de Operaciones Aereas
E108: 6.4 | F108: 2.6 | I108: 2 | K108: =+(E108*F108)*I108 -> 33.28
E109: 3.4 | F109: 2.6 | I109: 2 | K109: =+(E109*F109)*I109 -> 17.68 | M109: Sindicato
E110: 6 | F110: 2.6 | I110: 2 | K110: =+(E110*F110)*I110 -> 31.2
H111: TOTAL | K111: =SUM(K94:K110) -> 689
B113: N° ITEM | C113: DESCRIPCIÓN | D113: UNIDAD | E113: DIMENSIONES | I113: TOTAL | M113: LOCALIZACIÓN
B114: =+Mercado!A16 -> 1.08 | C114: =+Mercado!C16 -> TOMA BLANCO NORMAL | D114: =+Mercado!D16 -> UND | E114: Ancho (M) | F114: Altura (M) | G114: Longitud (M) | H114: Descuento: | I114: Cant (Und) | J114: Long Total (ML) | K114: Area (M²) | L114: Volumen (M³) | M114: LUGAR
M115: Contratacion
...

Sheet Presupesto
A1: AERONAUTICA CIVIL- REGIONAL VALLE
A3: PRESUPUESTO
A4: RVLC0202 REALIZAR MANTENIMIENTO DE LA INFRAESTRUCTURA AEROPORTUARIA DE LA AEROCIVIL UBICADA EN EL AEROPUERTO ALFONSO BONILLA ARAGON PALMIRA
A7: ITEM | B7: Cod | C7: DESCRIPCION | D7: UND | E7: CANT | F7: VR Unitaro F | G7: VR TOTAL
A8: 1 | C8: Oficinas Administrativas Aerocivil Regional Valle.
A9: =+A8+0.01 -> 1.01 | B9: APU-001 | C9: RE DISEÑO DE INTERIOR OFICINA O DISTRIBUCION PUESTOS DE TRABAJO. | D9: M2 | E9: =+Memorias!K19 -> 495.31 | F9: 9965 | G9: =ROUND(F9*E9,2) -> 4935764.2 | I9: =+F9*1.31 -> 13054.15
A10: =+A9+0.01 -> 1.02 | B10: 240515 | C10: DESMONTE REUBICACION PUESTO TRABAJO | D10: UND | E10: =+Memorias!I33 -> 27 | F10: 397323 | G10: =ROUND(F10*E10,2) -> 10727721 | I10: =+F10*1.31 -> 520493.13
A11: =+A10+0.01 -> 1.03 | B11: 061211 | C11: DESMONTE DE LUMINARIAS | D11: UND | E11: =+Memorias!I45 -> 48 | F11: 31082 | G11: =ROUND(F11*E11,2) -> 1491936 | I11: =+F11*1.31 -> 40717.42
A12: =+A11+0.01 -> 1.04 | B12: 100404 | C12: DEMOL.CIELO FALSO ESTRUCIELO | D12: M2 | E12: =+Memorias!K57 -> 438.36 | F12: 6213 | G12: =ROUND(F12*E12,2) -> 2723530.7 | I12: =+F12*1.31 -> 8139.03
A13: =+A12+0.01 -> 1.05 | B13: 180441 | C13: C.FALSO LAMINA PVC A=25CM E=10MM | D13: M2 | E13: =+Memorias!K69 -> 438.36 | F13: 70722 | G13: =ROUND(F13*E13,2) -> 31001696 | I13: =+F13*1.31 -> 92645.82
A14: =+A13+0.01 -> 1.06 | B14: 290115 | C14: RASQUETEADA-LIJADA-RESANE | D14: M2 | E14: =+Memorias!K90 -> 709.8 | F14: 2030 | G14: =ROUND(F14*E14,2) -> 1440894 | I14: =+F14*1.31 -> 2659.3
A15: =+A14+0.01 -> 1.07 | B15: 290304 | C15: VINILO MURO TIPO 1 [3M] | D15: M2 | E15: =+Memorias!K111 -> 689 | F15: 10516 | G15: =ROUND(F15*E15,2) -> 7245524 | I15: =+F15*1.31 -> 13775.96
A16: =+A15+0.01 -> 1.08 | B16: 051017 | C16: TOMA BLANCO NORMAL | D16: UND | E16: =+Memorias!I124 -> 25 | F16: 24642 | G16: =ROUND(F16*E16,2) -> 616050 | I16: =+F16*1.31 -> 32281.02
A17: =+A16+0.01 -> 1.09 | B17: 172417 | C17: RETIRO SWITCHE O TOMA | D17: UND | E17: =+Memorias!I137 -> 25 | F17: 3010 | G17: =ROUND(F17*E17,2) -> 75250 | I17: =+F17*1.31 -> 3943.1
A18: =+A17+0.01 -> 1.1 | B18: 240211 | C18: DIV.ALUM.BOARD-VIDRIO 1C H=2.50M | D18: ML | E18: =+Memorias!J150 -> 15.3 | F18: 490701 | G18: =ROUND(F18*E18,2) -> 7507725.3 | I18: =+F18*1.31 -> 642818.31
A19: =+A18+0.01 -> 1.11 | B19: 100622 | C19: RETIRO DE SALDOS EN SITIO | D19: M3 | E19: =+Memorias!L163 -> 14 | F19: 7611 | G19: =ROUND(F19*E19,2) -> 106554 | I19: =+F19*1.31 -> 9970.41
A20: =+A19+0.01 -> 1.12 | B20: 100608 | C20: RETIRO SOBRANTES MAQUINA <=10KM. | D20: M3 | E20: =+Memorias!L176 -> 32.74 | F20: 18328 | G20: =ROUND(F20*E20,2) -> 600058.72 | I20: =+F20*1.31 -> 24009.68
A21: =+A20+0.01 -> 1.13 | B21: 100305 | C21: DEMOL.ENCHAPE CERAMICO | D21: M2 | E21: =+Memorias!K189 -> 99.46 | F21: 8721 | G21: =ROUND(F21*E21,2) -> 867390.66 | I21: =+F21*1.31 -> 11424.51
A22: =+A21+0.01 -> 1.14 | B22: APU-002 | C22: PORCELANATO 60X90 BRILLANTE | D22: M2 | E22: =+Memorias!K202 -> 89.6 | F22: 166462 | G22: =ROUND(F22*E22,2) -> 14914995 | I22: =+F22*1.31 -> 218065.22
A23: =+A22+0.01 -> 1.15 | B23: 200107 | C23: ALISTADO PISO IMPERMEABLE 4 CM | D23: M2 | E23: =+Memorias!K215 -> 89.6 | F23: 31630 | G23: =ROUND(F23*E23,2) -> 2834048 | I23: =+F23*1.31 -> 41435.3
A24: =+A23+0.01 -> 1.16 | B24: APU-003 | C24: DESMONTE MUEBLE INFERIOR EN MADERA | D24: ML | E24: =+Memorias!J228 -> 14 | F24: 38360 | G24: =ROUND(F24*E24,2) -> 537040 | I24: =+F24*1.31 -> 50251.6
A25: =+A24+0.01 -> 1.17 | B25: APU-004 | C25: MANTENIMIENTO VENTANA EN ALUMINIO | D25: M2 | E25: =+Memorias!K241 -> 78.72 | F25: 24663 | G25: =ROUND(F25*E25,2) -> 1941471.4 | I25: =+F25*1.31 -> 32308.53
A26: =+A25+0.01 -> 1.18 | B26: APU-005 | C26: LIMPIEZA Y PINTURA DE REJILLAS DE A.A. | D26: UND | E26: =+Memorias!I254 -> 44 | F26: 18051 | G26: =ROUND(F26*E26,2) -> 794244 | I26: =+F26*1.31 -> 23646.81
A27: =+A26+0.01 -> 1.19 | B27: APU-006 | C27: CORTINA TWILINE RODEO DRIVE DIVIDIDA MANUAL (2.0X1,60) | D27: UND | E27: =+Memorias!I267 -> 34.65 | F27: 480418.84 | G27: =ROUND(F27*E27,2) -> 16646513 | I27: =+F27*1.31 -> 629348.68
A28: =+A27+0.01 -> 1.2 | B28: 170656 | C28: BALA PANEL LED 18W | D28: UND | E28: =+Memorias!I279 -> 53 | F28: 35945 | G28: =ROUND(F28*E28,2) -> 1905085 | I28: =+F28*1.31 -> 47087.95
A29: =+A28+0.01 -> 1.21 | B29: APU-007 | C29: =+Apus!A269 -> GUARDAESCOBA CERAMICA | D29: ML | E29: =+Memorias!J300 -> 129.9 | F29: 19377 | G29: =ROUND(F29*E29,2) -> 2517072.3 | I29: =+F29*1.31 -> 25383.87
A30: =+A29+0.01 -> 1.22 | B30: 260402 | C30: PELICULA CONTROL SOLAR-POLARIZADO | D30: M2 | E30: =+Memorias!K313 -> 63.96 | F30: 107740 | G30: =ROUND(F30*E30,2) -> 6891050.4 | I30: =+F30*1.31 -> 141139.4
A31: =+A30+0.01 -> 1.23 | B31: APU-008 | C31: SISTEMA DE CONEXIÓN PARA VIDEO BEAM - PANTALLA DE PROYECCIONES | D31: UND | E31: =+Memorias!I326 -> 1 | F31: 630596 | G31: =ROUND(F31*E31,2) -> 630596 | I31: =+F31*1.31 -> 826080.76
A32: =+A31+0.01 -> 1.24 | B32: 260126 | C32: VIDRIO TEMPLADO INCOLORO 10 MM | D32: M2 | E32: =+Memorias!K339 -> 19.2 | F32: 200106 | G32: =ROUND(F32*E32,2) -> 3842035.2 | I32: =+F32*1.31 -> 262138.86
A33: =+A32+0.01 -> 1.25 | B33: 240209 | C33: DIV.ANGEO FIBRA ALUMINIO PESADO | D33: M2 | E33: =+Memorias!K352 -> 1.44 | F33: 83383 | G33: =ROUND(F33*E33,2) -> 120071.52 | I33: =+F33*1.31 -> 109231.73
A34: =+A33+0.01 -> 1.26 | B34: APU-009 | C34: REPARACION Y MANTENIMIENTO DE BAÑO INCLUYE ACCESORIOS | D34: GLOB | E34: 1 | F34: 2739975 | G34: =ROUND(F34*E34,2) -> 2739975 | I34: =+F34*1.31 -> 3589367.2
A35: =+A34+0.01 -> 1.27 | B35: APU-010 | C35: PUERTA PRINCIPAL EN VIDRIO, CON CUERPO FIJO DE 1.0 x 2 MTS | D35: UND | E35: =+Memorias!I378 -> 2 | F35: 2768846 | G35: =ROUND(F35*E35,2) -> 5537692 | I35: =+F35*1.31 -> 3627188.3
A36: =+A35+0.01 -> 1.28 | B36: 310107 | C36: LIMPIEZA PERMANENTE OBRA (CUADRILLA 2P) | D36: MES | E36: =+Memorias!I391 -> 3 | F36: 3817772 | G36: =ROUND(F36*E36,2) -> 11453316 | I36: =+F36*1.31 -> 5001281.3
A37: =+A36+0.01 -> 1.29 | B37: 100802 | C37: DESMONTE DIVISION PANEL H=161 A 200CM | D37: ML | E37: =+Memorias!J404 -> 36.95 | F37: 15776 | G37: =ROUND(F37*E37,2) -> 582923.2 | I37: =+F37*1.31 -> 20666.56
A38: =+A37+0.01 -> 1.3 | B38: APU-011 | C38: APERTURA VANO PARA VENTANA | D38: UND | E38: =+Memorias!I417 -> 4 | F38: 26618 | G38: =ROUND(F38*E38,2) -> 106472 | I38: =+F38*1.31 -> 34869.58
A39: =+A38+0.01 -> 1.31 | B39: 22-09-06 | C39: INSTALACION VENTANA EXISTENTE LAMINA | D39: M2 | E39: =+Memorias!K430 -> 8 | F39: 19560 | G39: =ROUND(F39*E39,2) -> 156480 | I39: =+F39*1.31 -> 25623.6
A40: =+A39+0.01 -> 1.32 | B40: 310202 | C40: DESTRONQUE-PULIDA-BRILLADA PISO E | D40: M2 | E40: =+Memorias!K443 -> 474.94 | F40: 16467 | G40: =ROUND(F40*E40,2) -> 7820837 | I40: =+F40*1.31 -> 21571.77
A41: =+A40+0.01 -> 1.33 | B41: APU-012 | C41: MANTENIMIENTO Y LIMPIEZA DE PUERTAS | D41: UND | E41: =+Memorias!I456 -> 18 | F41: 26618 | G41: =ROUND(F41*E41,2) -> 479124 | I41: =+F41*1.31 -> 34869.58
C43: COSTO DIRECTO | G43: =ROUND(SUM(G9:G41),2) -> 1.5179114e+08
C44: ADMINISTRACION | F44: 0.21 | G44: =ROUND(G43*F44,2) -> 31876138
C45: IMPREVISTOS | F45: 0.06 | G45: =ROUND(G43*F45,2) -> 9107468.1
C46: UTILIDAD | F46: 0.04 | G46: =ROUND(G43*F46,2) -> 6071645.4
C47: Total AIU 31% | F47: =+F44+F45+F46 -> 0.31 | G47: =+G43*F47 -> 47055252
C48: IVA SOBRE UTILIDAD | F48: 0.19 | G48: =ROUND(G46*F48,2) -> 1153612.6
C49: COSTO TOTAL | G49: =ROUND(G43+G44+G45+G46+G48,0) -> 200000000

Sheet Apus
A1: ANALISIS DE PRECIOS UNITARIOS
A4: =+Mercado!A4 -> RVLC0202 REALIZAR MANTENIMIENTO DE LA INFRAESTRUCTURA AEROPORTUARIA DE LA AEROCIVIL UBICADA EN EL AEROPUERTO ALFONSO BONILLA ARAGON PALMIRA
A6: RE DISEÑO DE INTERIOR OFICINA O DISTRIBUCION PUESTOS DE TRABAJO. | F6: UNIDAD: M2
F7: APU-001
A8: DESCRIPCION | B8: UND | C8: CANT. | D8: DESP.% | E8: PRECIO UNIT | F8: VALOR TOTAL
A10: MANO DE OBRA
A11: ARQUITECTO | B11: HH | C11: 0.3 | E11: 20218 | F11: =TRUNC(C11* (1 + D11 / 100) * E11,2) -> 6065.4
A12: INGENIERO CIVIL | B12: HH | C12: 0.1 | E12: 20218 | F12: =TRUNC(C12* (1 + D12 / 100) * E12,2) -> 2021.8
A13: DIBUJANTE ARQUITECTURA-INGENIERIA | B13: HC | C13: 0.0497 | E13: 20218 | F13: =TRUNC(C13* (1 + D13 / 100) * E13,2) -> 1004.83
E14: SUBTOTAL MANO DE OBRA | F14: =SUM(F10:F13) -> 9092.03
A15: OTROS
E17: SUBTOTAL OTROS | F17: =SUM(F15:F16) -> 0
D19: COSTO DIRECTO | E19: =SUM(F8:F18)/2 -> 9092.03 | F19: =+F14 -> 9092.03
A150: PORCELANATO 60X90 BRILLANTE | F150: UNIDAD: M2
F151: ITEM: APU-002
A152: DESCRIPCION | B152: UND | C152: CANT. | D152: DESP.% | E152: PRECIO UNIT | F152: VALOR TOTAL
A154: MATERIALES
A155: AGUA | B155: LTS | C155: 3 | D155: 0 | E155: 20 | F155: =TRUNC(C155* (1 + D155 / 100) * E155,2) -> 60
A156: WAIPE | B156: KLS | C156: 0.1 | D156: 0 | E156: 7049 | F156: =TRUNC(C156* (1 + D156 / 100) * E156,2) -> 704.9
A157: PEGANTE CERAMICA PEGACOR-ALFALISTO | B157: KLS | C157: 6 | D157: 0 | E157: 2937 | F157: =TRUNC(C157* (1 + D157 / 100) * E157,2) -> 17622
A158: EMBOQUILLADOR | B158: KLS | C158: 0.5 | D158: 0 | E158: 4112 | F158: =TRUNC(C158* (1 + D158 / 100) * E158,2) -> 2056
A159: PORCELANATO 60X90 OXIDUM GRIS | B159: M2 | C159: 1 | D159: 0 | E159: 95000 | F159: =TRUNC(C159* (1 + D159 / 100) * E159,2) -> 95000
E160: SUBTOTAL MATERIALES | F160: =SUM(F154:F159) -> 115442.9
A161: MANO DE OBRA
A162: M.O. ALBANILERIA 1 AYUDANTE-1 OFI | B162: HC | C162: 1.8 | D162: 0 | E162: 20012 | F162: =TRUNC(C162* (1 + D162 / 100) * E162,2) -> 36021.6
E163: SUBTOTAL MANO DE OBRA | F163: =SUM(F162:F162) -> 36021.6
A164: EQUIPO
A165: HERRAMIENTA MENOR | B165: GLB | C165: 0.2535 | D165: 0 | E165: 1651 | F165: =TRUNC(C165* (1 + D165 / 100) * E165,2) -> 418.52
E166: SUBTOTAL EQUIPO | F166: =SUM(F165:P165) -> 418.52
A167: OTROS
F168: =TRUNC(C168* (1 + D168 / 100) * E168,2) -> 0
E169: SUBTOTAL OTROS | F169: =SUM(F167:F168) -> 0
D171: COSTO DIRECTO | E171: =SUM(F152:F170)/2 -> 151883.02 | F171: =IF($A$2="CD",IF($A$3=1,ROUND(SUM(F152:F170)/2,0),IF($A$3=3,ROUND(SUM(F152:F170)/2,-1),SUM(F152:F170)/2)),SUM(F152:F170)/2) -> 151883.02
A183: DESMONTE MUEBLE INFERIOR EN MADERA | F183: UNIDAD: ML
F184: ITEM: APU-003
A185: DESCRIPCION | B185: UND | C185: CANT. | D185: DESP.% | E185: PRECIO UNIT | F185: VALOR TOTAL
A187: MATERIALES
F188: =TRUNC(C188* (1 + D188 / 100) * E188,2) -> 0
E189: SUBTOTAL MATERIALES | F189: =SUM(F187:F188) -> 0
A190: MANO DE OBRA
A191: M.O. CARP.MADERA 1 AYUDANTE-1 OFI | B191: HC | C191: 1.47 | D191: 0 | E191: 23669 | F191: =TRUNC(C191* (1 + D191 / 100) * E191,2) -> 34793.43
E192: SUBTOTAL MANO DE OBRA | F192: =SUM(F191:P191) -> 34793.43
A193: EQUIPO
A194: HERRAMIENTA MENOR | B194: GLB | C194: 0.12514439 | D194: 0 | E194: 1651 | F194: =TRUNC(C194* (1 + D194 / 100) * E194,2) -> 206.61
E195: SUBTOTAL EQUIPO | F195: =SUM(F193:F194) -> 206.61
A196: OTROS
F197: =TRUNC(C197* (1 + D197 / 100) * E197,2) -> 0
E198: SUBTOTAL OTROS | F198: =SUM(F196:F197) -> 0
D200: COSTO DIRECTO | E200: =SUM(F185:F199)/2 -> 35000.04 | F200: =IF($A$2="CD",IF($A$3=1,ROUND(SUM(F185:F199)/2,0),IF($A$3=3,ROUND(SUM(F185:F199)/2,-1),SUM(F185:F199)/2)),SUM(F185:F199)/2) -> 35000.04
A202: MANTENIMIENTO VENTANA EN ALUMINIO | F202: UNIDAD: M2
F203: ITEM: APU-004
A204: DESCRIPCION | B204: UND | C204: CANT. | D204: DESP.% | E204: PRECIO UNIT | F204: VALOR TOTAL
A206: MATERIALES
A207: AEROSOL COLOR ALUMINIO X 250G | B207: UND | C207: 0.3 | D207: 0 | E207: 39900 | F207: =TRUNC(C207* (1 + D207 / 100) * E207,2) -> 11970
E208: SUBTOTAL MATERIALES | F208: =SUM(F206:F207) -> 11970
A209: MANO DE OBRA
A210: M.O. PINTURA 1 AYUDANTE-1 OFI | B210: HC | C210: 0.3 | D210: 0 | E210: 35000 | F210: =TRUNC(C210* (1 + D210 / 100) * E210,2) -> 10500
E211: SUBTOTAL MANO DE OBRA | F211: =SUM(F210:P210) -> 10500
A212: EQUIPO
A213: HERRAMIENTA MENOR | B213: GLB | C213: 0.02 | D213: 0 | E213: 1651 | F213: =TRUNC(C213* (1 + D213 / 100) * E213,2) -> 33.02
E214: SUBTOTAL EQUIPO | F214: =SUM(F213:F213) -> 33.02
A215: OTROS
F216: =TRUNC(C216* (1 + D216 / 100) * E216,2) -> 0
E217: SUBTOTAL OTROS | F217: =SUM(F215:F216) -> 0
D219: COSTO DIRECTO | E219: =SUM(F204:F218)/2 -> 22503.02 | F219: =IF($A$2="CD",IF($A$3=1,ROUND(SUM(F204:F218)/2,0),IF($A$3=3,ROUND(SUM(F204:F218)/2,-1),SUM(F204:F218)/2)),SUM(F204:F218)/2) -> 22503.02
A221: LIMPIEZA Y PINTURA DE REJILLAS DE A.A. | F221: UNIDAD: M2
F222: ITEM: APU-005
A223: DESCRIPCION | B223: UND | C223: CANT. | D223: DESP.% | E223: PRECIO UNIT | F223: VALOR TOTAL
A225: MATERIALES
A226: AEROSOL COLOR ALUMINIO X 250G | B226: UND | C226: 0.3 | D226: 0 | E226: 39900 | F226: =TRUNC(C226* (1 + D226 / 100) * E226,2) -> 11970
E227: SUBTOTAL MATERIALES | F227: =SUM(F225:F226) -> 11970
A228: MANO DE OBRA
A229: M.O. PINTURA 1 AYUDANTE-1 OFI | B229: HC | C229: 0.3 | D229: 0 | E229: 15000 | F229: =TRUNC(C229* (1 + D229 / 100) * E229,2) -> 4500
E230: SUBTOTAL MANO DE OBRA | F230: =SUM(F229:P229) -> 4500
A231: EQUIPO
A232: HERRAMIENTA MENOR | B232: GLB | C232: 0.02 | D232: 0 | E232: 0 | F232: =TRUNC(C232* (1 + D232 / 100) * E232,2) -> 0
E233: SUBTOTAL EQUIPO | F233: =SUM(F232:F232) -> 0
A234: OTROS
F235: =TRUNC(C235* (1 + D235 / 100) * E235,2) -> 0
E236: SUBTOTAL OTROS | F236: =SUM(F234:F235) -> 0
D238: COSTO DIRECTO | E238: =SUM(F223:F237)/2 -> 16470 | F238: =IF($A$2="CD",IF($A$3=1,ROUND(SUM(F223:F237)/2,0),IF($A$3=3,ROUND(SUM(F223:F237)/2,-1),SUM(F223:F237)/2)),SUM(F223:F237)/2) -> 16470
A240: CORTINA TWILINE RODEO DRIVE DIVIDIDA MANUAL (2.0X1,60) | F240: UNIDAD: UND
F241: ITEM: APU-006
A242: DESCRIPCION | B242: UND | C242: CANT. | D242: DESP.% | E242: PRECIO UNIT | F242: VALOR TOTAL
A244: MATERIALES
A245: CORTINA TWILINE RODEO DRIVE (2,0X1,60) | B245: UND | C245: 1 | D245: 0 | E245: 369475.69 | F245: =+C245*E245 -> 369475.69
E246: SUBTOTAL MATERIALES | F246: =SUM(F244:F245) -> 369475.69
A247: MANO DE OBRA
A248: M.O INSTALACIÓN | B248: GLB | C248: =1/6 -> 0.16666667 | D248: 0 | E248: 313200 | F248: =TRUNC(C248* (1 + D248 / 100) * E248,2) -> 52200
E249: SUBTOTAL MANO DE OBRA | F249: =SUM(F248:P248) -> 52200
A250: EQUIPO
A251: HERRAMIENTA MENOR | B251: GLB | C251: 0 | D251: 0 | F251: =TRUNC(C251* (1 + D251 / 100) * E251,2) -> 0
E252: SUBTOTAL EQUIPO | F252: =SUM(F251:F251) -> 0
A253: OTROS
A254: TRANSPORTE | B254: GLB | C254: =1/6 -> 0.16666667 | E254: 100000 | F254: =TRUNC(C254* (1 + D254 / 100) * E254,2) -> 16666.66
E255: SUBTOTAL OTROS | F255: =SUM(F253:F254) -> 16666.66
D257: COSTO DIRECTO | E257: =SUM(F242:F256)/2 -> 438342.35 | F257: =IF($A$2="CD",IF($A$3=1,ROUND(SUM(F242:F256)/2,0),IF($A$3=3,ROUND(SUM(F242:F256)/2,-1),SUM(F242:F256)/2)),SUM(F242:F256)/2) -> 438342.35
A269: GUARDAESCOBA CERAMICA | F269: UNIDAD: ML
F270: ITEM: APU-007
A271: DESCRIPCION | B271: UND | C271: CANT. | D271: DESP.% | E271: PRECIO UNIT | F271: VALOR TOTAL
...

Sheet Datos Finacieros
A2: DATOS FINANCIEROS
A4: VALOR DEL PRESUPUESTO(Po) | E4: =+Mercado!K49 -> 200000000
A5: PLAZO DEL PROYECTO (n) | E5: 3
A6: CAPITAL DE TRABAJO DEMANDADO (CTd)= (Po/n) | E6: =E4/E5 -> 66666667
A7: CAPITAL DE TRABAJO (CT)>= CTd | E7: =E6 -> 66666667
A8: PATRIMONIO(P)= >=10%*Po | E8: =E4*0.1 -> 20000000
E13: 45 dias
C17: 1 | D17: 30
C18: x | D18: 45
D20: =+(C17*D18)/D17 -> 1.5
